 Dungeon Crawl Stone Soup version 0.21.1 (webtiles) character file.

3063 pk666 the Cleaver (level 9, -7/86 HPs)
             Began as a Minotaur Berserker on Feb 4, 2018.
             Was an Elder of Trog.
             Mangled by a ten-headed hydra (10 damage)
             ... on level 8 of the Dungeon.
             The game lasted 00:13:14 (5786 turns).

pk666 the Cleaver (Minotaur Berserker)              Turns: 5786, Time: 00:13:15

Health: -7/86      AC: 13    Str: 31    XL:     9   Next: 57%
Magic:  8/8        EV: 10    Int:  4    God:    Trog [****..]
Gold:   313        SH:  0    Dex:  9    Spells: 8/8 levels left

rFire    . . .     SeeInvis .   D - +0 broad axe
rCold    . . .     Gourm    .   (no shield)
rNeg     . . .     Faith    .   p - +0 chain mail
rPois    .         Spirit   .   (helmet restricted)
rElec    .         Reflect  .   (no cloak)
rCorr    .         Harm     .   (no gloves)
MR       .....                  (no boots)
Stlth    ..........             (no amulet)
HPRegen  0.24/turn              d - +5 ring of strength
MPRegen  0.11/turn              A - +3 ring of protection (curse)

@: no status effects
A: retaliatory headbutt, horns 2
a: Berserk, Trog's Hand, Brothers in Arms, Burn Spellbooks, Renounce Religion


You were on level 8 of the Dungeon.
You worshipped Trog.
Trog was greatly pleased with you.
You were hungry.

You visited 2 branches of the dungeon, and saw 9 of its levels.
You also visited: Sewer.

You collected 313 gold pieces.

Inventory:

Hand Weapons
 D - a +0 broad axe (weapon)
Missiles
 m - 30 bolts
 x - a javelin of returning (quivered)
Armour
 p - a +0 chain mail (worn)
Jewellery
 d - a +5 ring of strength (left hand)
 l - an uncursed ring of positive energy
 A - a cursed +3 ring of protection (right hand)
 B - an uncursed amulet of harm {unknown}
Wands
 a - a wand of paralysis (9)
 z - a wand of flame (22)
Scrolls
 b - 2 scrolls of random uselessness {unknown}
 e - 5 scrolls of identify {unknown}
 g - 3 scrolls of noise {unknown}
 i - 2 scrolls of fog {unknown}
 j - 5 scrolls of teleportation {unknown}
 k - a scroll of magic mapping {unknown}
 n - 2 scrolls of remove curse {unknown}
 r - 2 scrolls of amnesia {unknown}
 y - 2 scrolls of blinking {unknown}
 E - a scroll of enchant armour {unknown}
Potions
 f - 2 potions of agility {unknown}
 h - a potion of lignification {unknown}
 o - 6 potions of heal wounds {unknown}
 q - 2 potions of mutation {unknown}
 s - a potion of invisibility {unknown}
 t - 3 potions of curing {unknown}
 u - a potion of brilliance {unknown}
 v - 4 potions of might {unknown}
 w - 4 potions of flight {unknown}
 F - a potion of degeneration {unknown}
Books
 C - a book of Changes

   Spells                             Type                      Level
   a - Beastly Appendage              Transmutation                1
   b - Sticks to Snakes               Transmutation                2
   c - Spider Form                    Transmutation/Poison         3
   d - Ice Form                       Ice/Transmutation            4
   e - Blade Hands                    Transmutation                5
   Trog disapproves of the use of such an item.
Comestibles
 c - 14 rations
 G - 3 chunks of flesh


   Skills:
 + Level 10.4 Fighting
 + Level 10.5 Axes
 + Level 8.2 Armour
 - Level 2.1 Dodging


You had 8 spell levels left.
You didn't know any spells.

Dungeon Overview and Level Annotations

Branches:
Dungeon (8/15)             Temple (1/1) D:5
   Lair: D:8-11

Altars:
Ashenzari
Hepliaklqana
Kikubaaqudgha
Nemelex Xobeh
Ru
Sif Muna
Trog
Uskayaw
Xom


Innate Abilities, Weirdness & Mutations

You reflexively headbutt those who attack you in melee.
You have a pair of horns on your head.


Message History

Your black bear dies!
Your black bear's corpse disappears in a puff of smoke!
The ten-headed hydra roars!
Throwing (i - inventory):
x - 2 javelins of returning (quivered)
Press: ? - help, Shift-Dir - straight line, f/p - ten-headed hydra
Aim: a ten-headed hydra (heavily wounded)
You throw a javelin of returning.
The javelin of returning hits the ten-headed hydra!
The ten-headed hydra is severely wounded.
The javelin of returning fails to return to your pack!
The ten-headed hydra bites you!
* * * LOW HITPOINT WARNING * * *
The ten-headed hydra misses you.
The ten-headed hydra bites you but does no damage.
The ten-headed hydra barely misses you.
The ten-headed hydra bites you but does no damage.
The ten-headed hydra completely misses you.
The ten-headed hydra bites you but does no damage.
The ten-headed hydra bites you!
You die...

#####
##...##
##.....##
#....>..#
#@......#
#.D.)...#
##ยง<)..##
#..)....#
#.......#
#.......#
##........
##.?.....#
#...<....


You could see a ten-headed hydra.

Vanquished Creatures
  Pikel (D:7)
  Joseph (D:7)
  Grinder (D:6)
  The ghost of Goblin1989 the Chopper, an amateur DsMo (D:5)
  Menkaure (D:4)
  A water moccasin (D:5)
  Duvessa (D:4)
  2 slaves (D:7)
  2 ice beasts (D:5)
  A phantom (D:5)
  A sky beast (D:5)
  An ogre (D:5)
  A centaur (D:5)
  2 big kobolds (Sewer)
  A bullfrog (D:7)
  A wyvern zombie (D:6)
  Dowan (D:4)
  A howler monkey (D:4)
  The ghost of tidbits the Firebug, a weakling GnFE (D:4)
  2 crimson imps
  A bullfrog zombie (D:5)
  2 jellies
  A hound (D:5)
  An orc wizard (D:5)
  An orc priest (D:5)
  5 worker ants
  2 worker ant zombies (D:5)
  4 gnolls (D:6)
  6 adders
  2 shadow imps
  An ooze (D:4)
  2 adder zombies
  An adder skeleton (D:4)
  3 worms
  2 dart slugs (D:4)
  9 leopard geckos
  8 orcs
  6 ball pythons
  11 bats
  7 giant cockroaches
  6 goblins
  13 hobgoblins
  5 frilled lizards
  A jackal skeleton (D:4)
  16 kobolds
  2 leopard gecko skeletons
  A quokka skeleton (D:4)
  A quokka zombie (D:5)
  6 rats
150 creatures vanquished.

Vanquished Creatures (collateral kills)
  An orc warrior (D:8)
  An orc priest (D:8)
  An orc (D:8)
3 creatures vanquished.

Vanquished Creatures (others)
  An ogre (D:5)
1 creature vanquished.

Grand Total: 154 creatures vanquished

Notes
Turn   | Place    | Note
-------+----------+-------------------------------------------
     0 | D:1      | pk666 the Minotaur Berserker began the quest for the Orb.
     0 | D:1      | Reached XP level 1. HP: 19/19 MP: 0/0
   226 | D:1      | Reached XP level 2. HP: 13/27 MP: 1/1
   608 | D:2      | Reached XP level 3. HP: 18/34 MP: 2/2
  1217 | D:3      | Reached ** piety under Trog
  1257 | D:3      | Found a sacrificial altar of Ru.
  1274 | D:3      | Found a hide-covered altar of Uskayaw.
  1275 | D:3      | Noticed a hand axe
  1275 | D:3      | Noticed a hand axe
  1482 | D:3      | Reached XP level 4. HP: 37/41 MP: 3/3
  1504 | D:3      | Reached skill level 5 in Axes
  1561 | D:3      | Found a bloodstained altar of Trog.
  1577 | D:3      | Reached skill level 5 in Fighting
  1684 | D:3      | Found a glowing drain.
  1700 | Sewer    | Entered a sewer
  1875 | Sewer    | Reached *** piety under Trog
  1908 | Sewer    | Noticed a big kobold
  1908 | Sewer    | Noticed a big kobold
  1913 | Sewer    | Killed a big kobold
  1913 | Sewer    | Reached XP level 5. HP: 50/50 MP: 4/4
  2230 | D:4      | Noticed tidbits's ghost (weakling GnFE)
  2240 | D:4      | Killed tidbits's ghost
  2240 | D:4      | Reached XP level 6. HP: 38/57 MP: 5/5
  2470 | D:4      | Noticed Duvessa
  2487 | D:4      | Killed Duvessa
  2508 | D:4      | Noticed Menkaure
  2509 | D:4      | Noticed Dowan
  2514 | D:4      | Killed Menkaure
  2514 | D:4      | Reached XP level 7. HP: 24/66 MP: 6/6
  2522 | D:4      | Killed Dowan
  3118 | D:5      | Entered Level 5 of the Dungeon
  3137 | D:5      | Found a staircase to the Ecumenical Temple.
  3143 | Temple   | Entered the Ecumenical Temple
  3167 | D:5      | Found a hazy altar of Hepliaklqana.
  3170 | D:5      | Found a shimmering altar of Xom.
  3170 | D:5      | Found a sparkling altar of Nemelex Xobeh.
  3269 | D:5      | Noticed Goblin1989's ghost (amateur DsMo)
  3292 | D:5      | Killed Goblin1989's ghost
  3292 | D:5      | Reached XP level 8. HP: 74/74 MP: 7/7
  3338 | D:5      | Reached skill level 5 in Armour
  3374 | D:5      | Reached **** piety under Trog
  3706 | D:5      | Found a deep blue altar of Sif Muna.
  3706 | D:5      | Found an ancient bone altar of Kikubaaqudgha.
  3707 | D:5      | Found a shattered altar of Ashenzari.
  4111 | D:5      | Found a shimmering altar of Xom.
  4437 | D:6      | Noticed Grinder
  4450 | D:6      | Paralysed by Grinder for 7 turns
  4466 | D:6      | Killed Grinder
  4466 | D:6      | Reached XP level 9. HP: 43/84 MP: 8/8
  5366 | D:7      | Noticed Pikel
  5377 | D:7      | Killed Pikel
  5377 | D:7      | Reached skill level 10 in Fighting
  5377 | D:7      | Reached skill level 10 in Axes
  5389 | D:7      | Noticed Joseph
  5400 | D:7      | Killed Joseph
  5776 | D:8      | Noticed an eight-headed hydra
  5786 | D:8      | HP: 3/86 [ten-headed hydra (7)]
  5786 | D:8      | Mangled by a ten-headed hydra

Skill      XL: |  1  2  3  4  5  6  7  8  9 |
---------------+----------------------------+-----
Fighting       | 4 5 6 7 8 9 10 | 10.4
Axes           | 4 5 6 7 8 9 10 | 10.5
Armour         | 3 4 6 8 |  8.2
Dodging        | |  2.1

Action                   |  1- 3 |  4- 6 |  7- 9 || total
-------------------------+-------+-------+-------++-------
Melee: Hand axe          |    81 |    92 |   187 ||   360
       Headbutt          |    16 |    21 |    51 ||    88
       Broad axe         |       |       |    31 ||    31
Throw: Javelin           |       |       |     1 ||     1
Invok: Berserk           |       |     3 |     1 ||     4
       Brothers in Arms  |       |       |     1 ||     1
  Eat: Chunk             |     2 |     5 |    12 ||    19
Armor: Animal skin       |    19 |       |       ||    19
       Chain mail        |    13 |    37 |   108 ||   158
Dodge: Dodged            |    48 |    50 |   100 ||   198
